 Dungeon Crawl Stone Soup version 0.29.1-15-g9cfb28693d (webtiles) character file.

Game seed: 8063858496884589678

2818 Wiggles the Severer (level 9, -11/70 HPs)
             Began as a Minotaur Berserker on Mar 30, 2023.
             Was an Elder of Trog.
             Mangled by an orc warlord
             ... wielding a +10 battleaxe
              (15 damage)
             ... in a bailey.
             The game lasted 00:12:35 (7528 turns).

Wiggles the Severer (Minotaur Berserker)            Turns: 7528, Time: 00:12:35

Health: -11/70     AC: 23    Str: 26    XL:     9   Next: 45%
Magic:  8/8        EV:  7    Int:  4    God:    Trog [****..]
Gold:   400        SH:  0    Dex: 10    Spells: 8/8 levels left

rFire   . . .      SeeInvis .   v - +0 battleaxe
rCold   . . .      Faith    .   (shield currently unavailable)
rNeg    . . .      Spirit   .   n - +0 plate armour
rPois   .          Reflect  .   C - +2 hat
rElec   .          Harm     .   g - +0 cloak
rCorr   .          Rampage  .   (no gloves)
Will    .....                   y - +0 pair of boots
Stlth   ..........              a - amulet of regeneration
HPRegen 1.01/turn               G - +4 ring of protection
MPRegen 0.11/turn               I - +4 ring of protection

@: on berserk cooldown, slowed, very slow
A: horns 2, retaliatory headbutt
a: Renounce Religion, Berserk, Trog's Hand, Brothers in Arms


You were in a bailey.
You worshipped Trog.
Trog was greatly pleased with you.
You visited 1 branch of the dungeon, and saw 7 of its levels.
You also visited: Bailey.

You collected 400 gold pieces.

Inventory:

Hand Weapons
 v - a +0 battleaxe (weapon)
Missiles
 l - 15 boomerangs (quivered)
 u - 3 javelins
Armour
 g - a +0 cloak (worn)
 n - a +0 plate armour (worn)
 y - a +0 pair of boots (worn)
 C - a +2 hat (worn)
Jewellery
 a - an amulet of regeneration (around neck)
 b - a ring of protection from cold
 A - a ring of magical power
 D - a +6 ring of intelligence
 G - a +4 ring of protection (left hand)
 I - a +4 ring of protection (right hand)
 J - a ring of see invisible
 L - a ring of flight
Wands
 o - a wand of roots (11)
 t - a wand of flame (16)
 E - a wand of light (15)
Scrolls
 e - 2 scrolls of amnesia
 f - a scroll of magic mapping
 r - 2 scrolls of fear
 s - a scroll of brand weapon {unknown}
 w - a scroll of fog
 H - 2 scrolls of teleportation {unknown}
Potions
 c - 4 potions of lignification
 d - 2 potions of degeneration {unknown}
 h - 4 potions of curing
 i - 4 potions of might
 j - 4 potions of heal wounds {unknown}
 k - a potion of berserk rage {unknown}
 m - a potion of haste {unknown}
 p - 3 potions of attraction {unknown}
 q - 3 potions of brilliance {unknown}
 x - a potion of magic {unknown}
 z - 2 potions of flight {unknown}
 B - 2 potions of cancellation {unknown}
 F - a potion of mutation {unknown}


   Skills:
 - Level 3.6 Fighting
 + Level 15.2 Axes
 + Level 1.5 Throwing
 - Level 2.4 Armour
 - Level 2.1 Dodging
 + Level 2.0 Stealth


You had 8 spell levels left.
You didn't know any spells.
Your spell library was empty.

Dungeon Overview and Level Annotations

Branches:
Dungeon (7/15)             Temple (0/1) D:5          Bailey (1/1)

Altars:
Makhleb
Wu Jian

Shops:
D:2 =


Innate Abilities, Weirdness & Mutations

You have a pair of horns on your head.
You reflexively headbutt those who attack you in melee.


Message History

There is an open door, spattered with blood here.
You see here a kobold corpse.
The orc warlord shouts!
The goblin shouts!
Your ogre goes berserk!
A red film seems to cover your vision as you go berserk!
You feel yourself moving faster!
You feel mighty!
The gate flies open with a bang!
You feel a strong urge to attack something.
The goblin splashes around in the water.
The goblin hits your ogre with a +0 hand axe.
The orc warlord hits your ogre with a +10 battleaxe!!!
Your ogre completely misses the orc warlord.
You feel your anger nearly subside.
The orc warlord hits your ogre with a +10 battleaxe!
Your ogre dies!
Your ogre's corpse disappears in a puff of smoke!
You are no longer berserk.
You are exhausted.
You feel yourself slow down.
You fail to use your ability.
The goblin hits you but does no damage.
You barely miss the goblin. Your headbutt misses the goblin.
The goblin completely misses you. You furiously retaliate!
You headbutt the goblin!
You kill the goblin!
Trog accepts your kill.
The orc warlord hits you with a +10 battleaxe!!
Your ogre goes berserk!
The goblin hits you but does no damage.
The orc warlord hits you with a +10 battleaxe!!
The orc warlord hits your ogre with a +10 battleaxe.
You fail to use your ability.
The goblin barely misses you.
Your ogre hits the orc warlord with a +0 giant club!!
The orc warlord hits you with a +10 battleaxe!!
* * * LOW HITPOINT WARNING * * *
The orc warlord completely misses your ogre.
The goblin hits you with a +0 hand axe.
* * * LOW HITPOINT WARNING * * *
The orc warlord hits you with a +10 battleaxe!
You die...

....#~~~~)#......)...#
....'.....†......†...#
..#########......8...#
.##~~~#~~~####......##
.#~}.....~#~~#.....##
.#~?........~#....##
.##8.8...8.8~##...#
..#.........~~'g..#
..#....∩....~~'o@.#
..#.........~~O...#
.##8.8...8.8~##.).#
.#~?........~#...)##
.#~[.....~#~~#.....##
.##~~~#~~~####......##
..#########..†...8...#
....'.....)..).......#
....#~~~~~#))........#


You could see an orc warlord (ally target), a goblin and a friendly ogre
(summoned, berserk).

Vanquished Creatures
  A steam dragon (D:7)
  Menkaure (D:5)
  2 water moccasins
  5 orc warriors
  2 black bears
  2 ogres
  2 phantoms
  2 necrophages (D:6)
  3 bullfrogs (D:7)
  5 scorpions
  3 jellies
  An orc priest (D:5)
  5 hounds
  2 iguanas (D:5)
  Ijyb (D:3)
  4 orc wizards
  Robin (D:4)
  6 gnolls
  11 adders
  A white imp (D:7)
  3 worms
  2 dart slugs
  18 orcs
  8 ball pythons
  2 bats (D:2)
  7 endoplasms
  5 giant cockroaches
  27 goblins
  10 hobgoblins
  6 quokkas
  4 frilled lizards
  19 kobolds
  6 rats
177 creatures vanquished.

Notes
Turn   | Place    | Note
-------+----------+-------------------------------------------
     0 | D:1      | Wiggles the Minotaur Berserker began the quest for the Orb.
     0 | D:1      | Reached XP level 1. HP: 19/19 MP: 0/0
    73 | D:1      | Reached skill level 4 in Axes
   364 | D:1      | Reached XP level 2. HP: 20/26 MP: 1/1
  1237 | D:2      | Reached skill level 5 in Axes
  1237 | D:2      | Reached XP level 3. HP: 31/31 MP: 2/2
  1485 | D:2      | Found Fuatseta's Jewellery Shoppe.
  1496 | D:2      | Reached ** piety under Trog
  2281 | D:3      | Reached XP level 4. HP: 39/39 MP: 3/3
  2321 | D:3      | Reached skill level 6 in Axes
  2352 | D:3      | Noticed Ijyb
  2361 | D:3      | Killed Ijyb
  2366 | D:3      | Found an ornate altar of the Wu Jian Council.
  2654 | D:3      | Noticed a scorpion
  2670 | D:3      | Killed a scorpion
  2671 | D:3      | Reached skill level 7 in Axes
  2671 | D:3      | Reached skill level 1 in Stealth
  2671 | D:3      | Reached XP level 5. HP: 35/45 MP: 4/4
  2886 | D:3      | Found a burning altar of Makhleb.
  2886 | D:3      | Noticed an Executioner
  3091 | D:4      | Noticed Robin
  3102 | D:4      | Reached XP level 6. HP: 50/51 MP: 5/5
  3102 | D:4      | Killed Robin
  3140 | D:4      | Reached *** piety under Trog
  3141 | D:4      | Reached skill level 8 in Axes
  3774 | D:5      | Entered Level 5 of the Dungeon
  3801 | D:5      | Reached skill level 9 in Axes
  3801 | D:5      | Reached XP level 7. HP: 39/57 MP: 6/6
  4041 | D:5      | Reached skill level 1 in Throwing
  4201 | D:5      | Reached skill level 10 in Axes
  4391 | D:5      | Noticed Menkaure
  4396 | D:5      | Killed Menkaure
  4467 | D:5      | Reached skill level 11 in Axes
  4643 | D:5      | Reached XP level 8. HP: 50/64 MP: 7/7
  4953 | D:5      | Found a staircase to the Ecumenical Temple.
  5252 | D:6      | Reached **** piety under Trog
  5338 | D:6      | Reached skill level 12 in Axes
  5907 | D:6      | Reached skill level 13 in Axes
  6936 | D:7      | Reached XP level 9. HP: 47/70 MP: 8/8
  6941 | D:7      | Reached skill level 14 in Axes
  7216 | D:7      | Found a flagged portal.
  7242 | Bailey   | Entered a bailey
  7247 | Bailey   | Noticed an orc warlord
  7340 | Bailey   | Reached skill level 15 in Axes
  7374 | Bailey   | Found a runed translucent gate.
  7377 | Bailey   | Found a runed translucent gate.
  7379 | Bailey   | Found a runed translucent gate.
  7528 | Bailey   | Mangled by an orc warlord

Illustrated notes

Levels and vault maps discovered:
D:1:      eino_arrival_druids_welcome, layout_basic
D:2:      layout_basic, serial_shops, nicolae_shop_advertising_works
          [nicolae_subvault_shop_adworks], minivault_27
D:3:      layout_basic, mainiacjoe_overflow_paths, makhleb_altar_promises_db,
          uniq_ijyb
D:4:      layout_loops_ring, st_stairs_3, minmay_misc_feat_tower,
          hangedman_decor_clover_reticule, uniq_robin
D:5:      kb_forest_paths, layout_loops_corners, temple_hall,
          chequers_serial_rivers_room_b, uniq_menkaure
D:6:      layout_layer_cave
D:7:      nicolae_BIG_FREAKIN_CUBE, layout_basic, enter_bailey_5,
          chequers_serial_rivers_small_3
Bailey:   bailey_axe_bossmonster_kennysheep, bailey

Skill      XL: |  1  2  3  4  5  6  7  8  9 |
---------------+----------------------------+-----
Axes           | 4 5 7 9 11 13 15 | 15.2
Stealth        | 1 2 |  2.0
Throwing       | 1 |  1.5
Fighting       | |  3.6
Armour         | |  2.4
Dodging        | |  2.1

Action                   |  1- 3 |  4- 6 |  7- 9 || total
-------------------------+-------+-------+-------++-------
Melee: Hand axe          |    91 |    37 |       ||   128
       Headbutt          |    10 |    11 |    34 ||    55
       Punch             |     2 |     1 |     3 ||     6
       War axe           |       |    70 |   237 ||   307
       Battleaxe         |       |       |    15 ||    15
Throw: Javelin           |     3 |     1 |     3 ||     7
       Boomerang         |       |       |    21 ||    21
Invok: Berserk           |       |     2 |     3 ||     5
       Brothers in Arms  |       |       |     2 ||     2
  Use: Scroll            |       |       |    12 ||    12
 Stab: Sleeping          |     1 |       |       ||     1
       Distracted        |       |       |     1 ||     1
Armor: Chain mail        |    25 |     2 |       ||    27
       Animal skin       |     6 |       |       ||     6
       Plate armour      |       |    70 |   160 ||   230
Dodge: Dodged            |    45 |    35 |    67 ||   147
